 Dungeon Crawl Stone Soup version 0.28-a0-1080-g05a166d0ed (webtiles) character file.

Game seed: 3712309858827448879

8 yoda5477 the Skirmisher (level 2, 24/24 HPs)
             Began as a Demonspawn Fighter on Dec 9, 2021.
             Quit the game on level 1 of the Dungeon.
             The game lasted 00:02:49 (93 turns).

yoda5477 the Skirmisher (Demonspawn Fighter)          Turns: 93, Time: 00:02:49

Health: 24/24      AC:  6    Str: 16    XL:     2   Next: 0%
Magic:  2/2        EV:  9    Int:  9    God:
Gold:   19         SH:  4    Dex: 12    Spells: 1/1 levels left

rFire   . . .      SeeInvis .   a - +0 war axe
rCold   . . .      Faith    .   c - +0 buckler
rNeg    . . .      Spirit   .   b - +0 scale mail
rPois   .          Reflect  .   (no helmet)
rElec   .          Harm     .   (no cloak)
rCorr   .          Rampage  .   (no gloves)
Will    .....                   (no boots)
Stlth   ..........              (no amulet)
HPRegen 0.08/turn               (no ring)
MPRegen 0.08/turn               (no ring)

@: no status effects
A: demonic touch 1
a: no special abilities


You were on level 1 of the Dungeon.
You visited 1 branch of the dungeon, and saw 2 of its levels.

You collected 19 gold pieces.

Inventory:

Hand Weapons
 a - a +0 war axe (weapon)
Armour
 b - a +0 scale mail (worn)
 c - a +0 buckler (worn)
Potions
 d - a potion of might


   Skills:
 - Level 3.0 Fighting
 * Level 2.2 Axes
 - Level 2.6 Armour
 * Level 1.0 Stealth
 - Level 2.6 Shields


You had one spell level left.
You didn't know any spells.
Your spell library was empty.

Dungeon Overview and Level Annotations

Branches:
Dungeon (2/15)

Altars:
Vehumet


Innate Abilities, Weirdness & Mutations

Your touch may inflict minor irresistible damage on your foes.


Message History

You hit the giant cockroach.
You kill the giant cockroach!
Your Axes skill increases to level 2!
The dart slug launches a dart at you. The slug dart misses you.
You hit the dart slug.
The dart slug is heavily wounded.
You block the dart slug's attack.
You slash the dart slug!
You kill the dart slug!
No target in view!
You now have 15 gold pieces (gained 9).
You see here a giant cockroach corpse.
You now have 19 gold pieces (gained 4).
You open the door.
There is an open door here.
A bat comes into view.
Found 6 gold pieces.
You block the bat's attack.
You closely miss the bat. The bat closely misses you.
The bat hits you but does no damage.
You hit the bat.
You kill the bat!
No target in view!
A frilled lizard comes into view.
Found 13 poisoned darts.
The frilled lizard hisses angrily.
Found 24 sling bullets.
A hobgoblin comes into view.
The hobgoblin shouts!
Found 3 scrolls labelled SEONKIYSIS.
The frilled lizard barely misses you.
You barely miss the frilled lizard. The frilled lizard bites you.
The frilled lizard bites you but does no damage.
You slash the frilled lizard!
You kill the frilled lizard!
Your Stealth skill increases to level 1!
You have reached level 2!
Your demonic ancestry asserts itself...
Your hands begin to faintly glow with unholy energy.
Are you sure you want to abandon this character and quit the game? (Confirm with "yes".)

#?###########
#............
#.....(......
#...(........
#............
#............
#.....g...... .
##...@....... .
#.........##+ #
#.........# #
#.........#
#######
#.........#
#.....#
#...†.....#
#.....#
#...###.#.#
#.....######...#
.#.#
......+....'...#
.# #


You could see a hobgoblin.

Vanquished Creatures
  A dart slug (D:1)
  2 bats (D:1)
  2 giant cockroaches (D:1)
  A frilled lizard (D:1)
6 creatures vanquished.

Notes
Turn   | Place    | Note
-------+----------+-------------------------------------------
     0 | D:1      | yoda5477 the Demonspawn Fighter began the quest for the
                  | Orb.
     0 | D:1      | Reached XP level 1. HP: 18/18 MP: 1/1
    36 | D:2      | Found a radiant altar of Vehumet.
    93 | D:1      | Reached skill level 1 in Stealth
    93 | D:1      | Gained mutation: Your touch may inflict minor irresistible
                  | damage on your foes. [demonic ancestry]
    93 | D:1      | Reached XP level 2. HP: 24/24 MP: 2/2
    93 | D:1      | Quit the game

Illustrated notes

Levels and vault maps discovered:
D:1:      onia_arrival_pyramid, layout_basic
D:2:      layout_loops_corners, basic_altar, hellmonk_ecumenical_altar_blasted,
          uniq_natasha

Skill      XL: |  1 |
---------------+----+-----
Axes           | 2 |  2.2
Stealth        | 1 |  1.0
Fighting       | |  3.0
Armour         | |  2.6
Shields        | |  2.6

Action                   || total
-------------------------++-------
Melee: War axe           ||    17
Armor: Scale mail        ||     7
Dodge: Dodged            ||    14
Block: Buckler           ||     5

Table legend: (Time is in decaauts)
 A = Elapsed time spent in this place.
 B = Non-inter-level travel time spent in this place.
 C = Inter-level travel time spent in this place.
 D = Time resting spent in this place.
 E = Time spent auto-exploring this place.
 F = Levels seen in this place.
 G = Mean time per level.
                   A        B        C        D        E       F      G
               +--------+--------+--------+--------+--------+-----+--------+
         Total |    100 |    100 |      0 |      0 |     48 |   2 |   50.0 |
       Dungeon |    100 |    100 |      0 |      0 |     48 |   2 |   50.0 |
               +--------+--------+--------+--------+--------+-----+--------+

Top non-repeatable levels by time:
     D:1: 98 daAuts
     D:2: 1 daAuts
